 Dungeon Crawl Stone Soup version 0.20.1-1-g8b1a95d (webtiles) character file.

359 letownia2 the Grave Robber (level 6, -7/49 HPs)
             Began as a Deep Dwarf Necromancer on Nov 7, 2017.
             Was an Initiate of Gozag.
             Killed by divine providence
             ... invoked by an orc priest
              (11 damage)
             ... on level 4 of the Dungeon.
             The game lasted 00:09:19 (3527 turns).

letownia2 the Grave Robber (Deep Dwarf Necromancer) Turns: 3527, Time: 00:09:20

Health: -7/49      AC:  8    Str: 12    XL:     6   Next: 37%
Magic:  1/11       EV: 11    Int: 17    God:    Gozag
Gold:   635        SH:  0    Dex: 13    Spells: 8/12 levels left

rFire    . . .     SeeInvis .   a - +0 dagger
rCold    . . .     Gourm    +   (no shield)
rNeg     . . .     Faith    .   J - +3 ring mail {rPois}
rPois    +         Spirit   .   (no helmet)
rElec    .         Reflect  .   (no cloak)
rCorr    .         Harm     .   (no gloves)
MR       .....                  (no boots)
Stlth    +.........             z - amulet of the gourmand
Regen    0.0/turn               g - ring of flight
MPRegen  0.2/turn               y - ring of wizardry

@: non-regenerating
A: damage resistance, heal wounds, sense surroundings 1, no regeneration
a: Heal Wounds, Potion Petition, Call Merchant, Bribe Branch, Renounce Religion,
Evoke Flight


You were on level 4 of the Dungeon.
You worshipped Gozag.
Gozag was pleased with you.
You were not hungry.

You visited 1 branch of the dungeon, and saw 4 of its levels.

You collected 678 gold pieces.
You paid 43 gold pieces to Gozag.

Inventory:

Hand Weapons
 a - a +0 dagger (weapon)
 j - a +0 short sword
 v - a +0 flail of protection
 H - a +0 hunting sling
Missiles
 o - 3 tomahawks (quivered)
Armour
 i - a +0 scale mail
 E - a +2 shield
 J - a +3 ring mail of poison resistance (worn)
Jewellery
 d - an uncursed amulet of rage
 g - a ring of flight (left hand)
 y - a ring of wizardry (right hand)
 z - an amulet of the gourmand (around neck)
Wands
 l - a wand of paralysis (11/24)
 I - a wand of lightning (7/15)
Scrolls
 e - 3 scrolls of identify
 h - 3 scrolls of fog {unknown}
 m - a scroll of fear {unknown}
 q - a scroll of teleportation {unknown}
 s - 4 scrolls of enchant armour {unknown}
 t - a scroll of magic mapping {unknown}
 w - 2 scrolls of amnesia {unknown}
 x - a scroll of enchant weapon {unknown}
 A - 2 scrolls of immolation {unknown}
 B - 2 scrolls of blinking {unknown}
 D - a scroll of random uselessness {unknown}
 F - a scroll of remove curse {unknown}
 G - a scroll of recharging {unknown}
Potions
 c - a potion of might {unknown}
 f - 2 potions of agility
 n - 2 potions of invisibility {unknown}
 p - a potion of haste {unknown}
 r - 3 potions of curing {unknown}
 u - a potion of flight {unknown}
 C - a potion of cancellation {unknown}
Books
 b - a book of Necromancy

   Spells                             Type                      Level
   a - Pain                           Necromancy                   1
   b - Animate Skeleton               Necromancy                   1
   c - Vampiric Draining              Necromancy                   3
   d - Regeneration                   Charms/Necromancy            3
   e - Animate Dead                   Necromancy                   4
   f - Control Undead                 Necromancy                   4
 k - a book of Misfortune

   Spells                             Type                      Level
   a - Confusing Touch                Hexes                        1
   b - Confuse                        Hexes                        3
   c - Gell's Gravitas                Translocation                3
   d - Petrify                        Transmutation/Earth          4
   e - Metabolic Englaciation         Hexes/Ice                    5
   f - Yara's Violent Unravelling     Hexes/Transmutation          5
Comestibles
 K - a bread ration


   Skills:
 - Level 2.8 Armour
 - Level 2.1 Dodging
 - Level 2.4 Stealth
 + Level 3.9 Spellcasting
 + Level 6.3 Necromancy


You had 8 spell levels left.
You knew the following spells:

 Your Spells              Type           Power        Failure   Level  Hunger
a - Pain                  Necr           ###.         1%          1    None
v - Vampiric Draining     Necr           ###.......   3%          3    ###....


Dungeon Overview and Level Annotations

Branches:
Dungeon (4/15)
 Temple: D:4-7

Altars:
Dithmenos
Gozag
Sif Muna
Yredelemnul

Shops:
D:4 (


Innate Abilities, Weirdness & Mutations

You are resistant to damage.
You can heal yourself by infusing magical energy.
You passively map a small area around you.
You do not regenerate.


Message History

You hit the orc priest but do no damage.
The orc priest is almost dead.
The orc priest hits you but does no damage.
Unknown command.
You barely miss the orc priest.
The orc priest is almost dead.
The orc priest miscasts a cantrip.
Unknown command.
Unknown command.
You closely miss the orc priest.
The orc priest is almost dead.
The orc priest hits you with a short sword.
Unknown command.
Unknown command.
You hit the orc priest but do no damage.
The orc priest is almost dead.
The orc priest invokes the aid of Beogh against you.
Beogh smites you!
You die...
Your body crumbles into a pile of gold.

## .#* $ .###
*_ .o# * ,
,,*#o# . , #@#
# * ** #.#
############)##
#.............#
#.##########..#
#.# #..# #.#
#..# #####.####
#..# .........#
#..#


You could see an orc priest and an orc.

Vanquished Creatures
  A big kobold (D:4)
  A howler monkey (D:4)
  An orc priest (D:4)
  Jessica (D:3)
  A worker ant (D:3)
  Ijyb (D:4)
  A gnoll (D:1)
  3 adders (D:2)
  A howler monkey skeleton (D:4)
  An ooze (D:1)
  A worm (D:3)
  4 leopard geckos
  8 orcs
  7 bats
  2 giant cockroaches (D:3)
  10 goblins
  5 hobgoblins
  21 jackals
  6 kobolds
  2 quokkas
  A ball python (D:3)
  4 frilled lizards
  5 rats
88 creatures vanquished.

Notes
Turn   | Place    | Note
-------+----------+-------------------------------------------
     0 | D:1      | letownia2 the Deep Dwarf Necromancer began the quest for the Orb.
     0 | D:1      | Reached XP level 1. HP: 15/15 MP: 3/3
   291 | D:3      | Found an opulent altar of Gozag.
   342 | D:3      | Reached XP level 2. HP: 22/22 MP: 3/5
   629 | D:3      | Became a worshipper of Gozag Ym Sagoz the Greedy
   867 | D:3      | Reached XP level 3. HP: 28/28 MP: 2/6
   872 | D:3      | Learned a level 3 spell: Vampiric Draining
   912 | D:3      | Noticed Jessica
   923 | D:3      | Killed Jessica
   947 | D:3      | Found a basalt altar of Yredelemnul.
  1243 | D:2      | Reached skill level 5 in Necromancy
  1243 | D:2      | Reached XP level 4. HP: 30/36 MP: 3/8
  1283 | D:2      | Found a deep blue altar of Sif Muna.
  1789 | D:2      | Found a shadowy altar of Dithmenos.
  2339 | D:1      | Reached skill level 1 in Armour
  2382 | D:1      | Reached XP level 5. HP: 34/42 MP: 3/9
  2763 | D:4      | Noticed Ijyb
  2804 | D:4      | Killed Ijyb
  2985 | D:4      | Found Cipnuaf's Antique Weapon Shoppe.
  3087 | D:3      | Reached skill level 6 in Necromancy
  3174 | D:4      | Reached XP level 6. HP: 26/49 MP: 2/11
  3527 | D:4      | Killed from afar by an orc priest

Skill      XL: |  1  2  3  4  5 |
---------------+----------------+-----
Spellcasting   | 2 3 |  3.9
Necromancy     | 5 6 |  6.3
Armour         | 1 2 |  2.8
Dodging        | |  2.1
Stealth        | |  2.4

Action                   |  1- 3 |  4- 6 || total
-------------------------+-------+-------++-------
Melee: Dagger            |       |    26 ||    26
Throw: Tomahawk          |       |     3 ||     3
 Cast: Pain              |    57 |   128 ||   185
       Vampiric Draining |       |     9 ||     9
  Use: Scroll            |     1 |       ||     1
 Stab: Distracted        |       |     1 ||     1
  Eat: Bread ration      |       |     1 ||     1
       Meat ration       |       |     1 ||     1
       Royal jelly       |       |     1 ||     1
Armor: Robe              |     2 |       ||     2
       Ring mail         |     2 |    22 ||    24
Dodge: Dodged            |    12 |    53 ||    65
